[Event "87th Spanish Championship 2022"]
[Site "Linares"]
[Date "2022.08.13"]
[Round "3.33"]
[White "Fernandez Lopez, Ruben"]
[Black "Serrano Almendros, Angel"]
[Result "1-0"]
[ECO "C07"]
[WhiteElo "2324"]
[BlackElo "2049"]
[Annotator "TA"]
[PlyCount "87"]
[EventDate "2022.08.11"]
[EventType "swiss"]
[EventCountry "ESP"]
[SourceTitle "playchess.com"]
[Source "ChessBase"]
[SourceQuality "1"]
[TimeControl "5400+30"]

1. e4 e6 2. d4 d5 3. Nd2 c5 4. Ngf3 cxd4 5. exd5 Qxd5 6. Bc4 Qd6 7. Qe2 Nf6 8. Nb3 Nc6 9. Bg5 a6 10. O-O-O b5 11. Bd3 Be7 12. Nbxd4 {[%emt 0:01:31] C07: French Tarrasch: 3...c5, 4 Ngf3 and 4 exd5 Qxd5.} Nxd4 13. Nxd4 Qd5 {[%emt 0:01:09] Inhibits Nf5.} 14. Bxf6 {[%emt 0:04:03] The position is equal.} (14. f4 $5) 14... Bxf6 (14... gxf6 15. Be4 Qg5+ 16. Kb1 $16) 15. Kb1 {[%emt 0:09:26] And now Be4 would win.} Rb8 ({Much less strong is} 15... Bxd4 16. Be4 Qc5 17. Bxa8 $16) (15... Qxd4 $2 16. Bxb5+ $1 axb5 17. Rxd4 Bxd4 18. Rd1 $18) (15... Qxg2 $2 16. Be4 Qg5 17. Bc6+ Kf8 18. Bxa8 $18) (15... Bb7 $5 16. Nxb5 O-O-O $16) 16. Be4 Qc5 17. Bc6+ Ke7 (17... Kf8 $11 18. Qe3 (18. Qe4 Rb6 $11) 18... Kg8) 18. Qe4 {[%emt 0:00:04] [#] White is more active.} (18. Qe3 $1 $16 {[%cal Od4f5] aiming for Nf5+!} Qb6 19. Qf4) 18... Rb6 $146 {[%emt 0:16:54] Hoping for ...Bxd4.} ({Predecessor:} 18... Bxd4 19. Rxd4 Rb6 20. Ba8 Rd6 21. Rxd6 Qxd6 22. Qh4+ f6 23. Bf3 Bd7 24. Rd1 Qc5 {½-½ (65) Lakos,N (2415)-Michna,M (2335) Zagan 1997}) 19. Ba8 Bd7 {[%emt 0:07:00][%cal Oh8a8] Strongly threatening ...Rxa8!} 20. Nb3 Qc4 21. Qe3 $132 {[%emt 0:01:09][%mdl 2048] [#] White is not holding back. The board is on fire.} Rbb8 {[%emt 0:02:32][%mdl 8192] [#] White now steadily converts the win.} (21... Rc8 $1 $11 {and Black is okay.} 22. Be4 Qc7) 22. Qa7 $2 {[%emt 0:01:17] [#]} (22. Rxd7+ $1 $18 Kxd7 23. Qa7+ Kc8 24. Nc5) 22... Rbd8 $2 (22... Rhc8 $1 $11 23. Qxd7+ (23. Rxd7+ Ke8 $11) 23... Kf8) 23. Na5 $18 Qc8 24. Nc6+ Ke8 25. Nxd8 Kxd8 26. Bb7 Qc7 27. Qa8+ Ke7 28. Rxd7+ Qxd7 29. Qxh8 Qxb7 {[%emt 0:02:50][%mdl 4096] Endgame KQR-KQB} 30. Rd1 Qc7 {[%emt 0:01:45] Against Qd8+} 31. Qxh7 g6 32. Qh3 b4 33. Qd3 a5 34. a3 Be5 35. axb4 axb4 36. Qb5 Bd6 37. Qg5+ Ke8 38. h4 Be7 39. Qb5+ {[%emt 0:00:04] White is clearly winning.} Kf8 40. h5 gxh5 41. Qxh5 Bf6 {[%emt 0:00:04] Inhibits Qh8+.} 42. Qb5 Qf4 43. Qc5+ Kg7 44. Rd3 {[%emt 0:00:04] Weighted Error Value: White=0.57/Black=0.51} 1-0

[Event "87th Spanish Championship 2022"]
[Site "Linares"]
[Date "2022.08.13"]
[Round "3.34"]
[White "Hernandez Tellez, Claudia"]
[Black "Masague Artero, Guerau"]
[Result "0-1"]
[ECO "B33"]
[WhiteElo "2020"]
[BlackElo "2319"]
[Annotator "TA"]
[PlyCount "76"]
[EventDate "2022.08.11"]
[EventType "swiss"]
[EventCountry "ESP"]
[SourceTitle "playchess.com"]
[Source "ChessBase"]
[SourceQuality "1"]
[TimeControl "5400+30"]

1. e4 c5 2. Nf3 Nc6 3. d4 cxd4 4. Nxd4 Nf6 5. Nc3 e5 6. Ndb5 d6 7. Bg5 a6 8. Na3 b5 9. Bxf6 gxf6 10. Nd5 f5 11. c3 Bg7 12. exf5 Bxf5 13. Nc2 O-O 14. Nce3 Be6 15. Bd3 f5 16. O-O Kh8 {[%emt 0:10:56] B33: Sicilian: Pelikan and Sveshnikov Variations.} 17. Qh5 e4 18. Bc2 Ra7 (18... Ne5 $11 {remains equal.}) 19. Nf4 {[%emt 0:07:03] Pair of Knights!} Qf6 {[%emt 0:00:26] [#]} 20. g4 $146 (20. Bb3 $16 Bd7 21. Ned5) ({Predecessor:} 20. Nxe6 Qxe6 21. Bb3 Qe5 22. Rad1 Ne7 23. f4 Qc5 24. Qe2 b4 25. cxb4 Qxb4 26. Kh1 {1-0 (50) Wagener,C (2247)-Gengler,P (2189) Luxembourg 2011}) 20... Ne7 $11 21. Nxe6 Qxe6 22. gxf5 Nxf5 23. Bb3 Qe5 24. Nxf5 Rxf5 25. Qe2 (25. Qh3 $1 $15) 25... Bh6 $2 $40 {[%emt 0:13:46][%mdl 128] White needs to defend precisely.} ({Weaker is} 25... Rh5 26. f4 exf3 27. Qxe5 Bxe5 28. Rxf3 $17) ({Black should play} 25... Rf3 $19 {[%cal Oe5h2] ( -> ...Qxh2+!)} 26. Rfe1 Qh5 27. Qxe4 Be5) 26. f3 $2 ({Avoid the trap} 26. Qg4 $2 Rg7 27. Qxg7+ Kxg7 $19) (26. Kh1 $1 $15) 26... exf3 27. Qxe5+ dxe5 28. Rad1 (28. Rae1 $142) 28... e4 $19 29. Rd8+ Kg7 {[%emt 0:03:33] Hoping for ...e3.} 30. Bc2 (30. Re8 {was necessary.} e3 31. Bc2 f2+ 32. Kh1) 30... Re7 31. Kf2 e3+ 32. Ke1 {[%emt 0:00:06] [#]} Bg5 $1 33. Rd4 {[%emt 0:01:32] Prevents Bh4+.} (33. Bxf5 $2 {loses.} Bh4+ 34. Kd1 e2+ 35. Kc2 exf1=Q) 33... Rf6 {[%emt 0:04:46] And now ...e2 would win.} 34. Rg4 e2 {[%emt 0:00:50] White must now prevent ...Kh6.} 35. Rf2 $2 (35. Rxg5+ Kh6 36. Rxf3 Rxf3 37. Rf5) 35... Kh6 36. Be4 {[%emt 0:00:13] [#]} Bd2+ $1 {[%emt 0:03:19][%mdl 512] Black mates.} 37. Kxd2 Rd6+ 38. Kc2 e1=Q {[%emt 0:00:18] Weighted Error Value: White=1.29/Black=0.50} 0-1

[Event "87th Spanish Championship 2022"]
[Site "Linares"]
[Date "2022.08.13"]
[Round "3.35"]
[White "Sanleon Pravisano, Nieves"]
[Black "Luque Saiz, Andres"]
[Result "0-1"]
[ECO "D18"]
[WhiteElo "1986"]
[BlackElo "2289"]
[Annotator "TA"]
[PlyCount "92"]
[EventDate "2022.08.11"]
[EventType "swiss"]
[EventCountry "ESP"]
[SourceTitle "playchess.com"]
[Source "ChessBase"]
[SourceQuality "1"]
[TimeControl "5400+30"]

1. d4 d5 2. c4 c6 3. Nc3 Nf6 4. Nf3 dxc4 5. a4 Bf5 6. e3 e6 7. Bxc4 Bb4 8. O-O Nbd7 9. Qe2 O-O 10. e4 Bg6 11. Bd3 Bh5 12. Bf4 Re8 13. e5 Nd5 14. Nxd5 cxd5 15. Qe3 {[%emt 0:01:45] D19: Slav Defence: 5 a4 Bf5 6 e3: Main line with 9 Qe2.} Rc8 16. Ng5 {[%emt 0:07:15] [#]} Nf8 $146 {[%emt 0:03:59] [#]} ({Predecessor:} 16... Bg6 17. Bxg6 fxg6 18. Qh3 Nf8 19. Qb3 Qb6 20. Rac1 h6 21. Nf3 g5 22. Bd2 g4 23. Qxb4 gxf3 24. Qxb6 axb6 {0-1 (44) Blalock,R (2205)-Santos,C (2405) Lisbon 2003}) 17. Nxh7 $1 {[%emt 0:13:13] The position is equal.} Nxh7 18. Bxh7+ Kxh7 19. Qh3 Kg6 (19... g6 $11 20. g4 Rh8) 20. g4 Bxg4 21. Qxg4+ $16 Kh7 {[%emt 0:00:04] [#]} 22. Kh1 ({Much worse is} 22. Bg5 Be7 23. f4 Kg8 $11) (22. Qh3+ $1 $16 Kg8 23. Rac1) 22... Rh8 $1 $11 23. Rg1 g6 24. Rg3 Be7 25. Rag1 {[%emt 0:02:45][%cal Og4h5] Threatening mate with Qh5+!} Kg7 26. Qf3 Rh4 27. Rg4 Rc4 {[%emt 0:05:09] ...Qh8 is the strong threat.} 28. Qe3 {[%emt 0:02:13] [#]} (28. Rxh4 $11 Bxh4 29. Bh6+ Kg8 30. Qh5) 28... Qh8 $1 $17 29. Rxh4 Qxh4 30. Rg3 (30. b3 $17 Rc2 31. Rg3) 30... Qh5 (30... Rxa4 $19 {Threatens to win with ...Qh5.} 31. Kg2 Qh5) 31. Qd3 $2 {[%emt 0:00:32] This move loses the game for White.} (31. b3 $17 {was worth a try.} Rc2 32. Qf3 Qxf3+ 33. Rxf3) 31... Bh4 32. Rf3 {[%emt 0:01:18] [#]} (32. Rg2 {is the only way for White.}) 32... Rxd4 $3 33. Qxd4 Qxf3+ $19 {[%emt 0:00:03][%mdl 4096] Endgame KQB-KQB} 34. Kg1 Qg4+ 35. Kf1 Bg5 {[%emt 0:02:35] Inhibits Bh6+.} 36. Be3 Qxd4 37. Bxd4 {[%emt 0:00:02] KB-KB} a6 38. b3 $2 (38. Kg2 {was the only chance.}) 38... Bf4 {[%emt 0:00:19] Black is clearly winning.} 39. Kg2 g5 40. h4 gxh4 41. Kh3 Kg6 {[%emt 0:00:24] Strongly threatening ...Kf5.} 42. Kg4 {[%emt 0:00:20] [#]} h3 $1 43. Kxh3 Kf5 44. Kg2 Bxe5 45. Bc5 Ke4 46. Kf1 Kd3 {[%emt 0:00:16] Weighted Error Value: White=0.73/Black=0.15 (very precise)} 0-1

[Event "87th Spanish Championship 2022"]
[Site "Linares"]
[Date "2022.08.13"]
[Round "3.36"]
[White "Garrido Diaz, Jose Antonio"]
[Black "Garcia Escoda, Marc"]
[Result "1-0"]
[ECO "B38"]
[WhiteElo "2306"]
[BlackElo "2130"]
[Annotator "TA"]
[PlyCount "53"]
[EventDate "2022.08.11"]
[EventType "swiss"]
[EventCountry "ESP"]
[SourceTitle "playchess.com"]
[Source "ChessBase"]
[SourceQuality "1"]
[TimeControl "5400+30"]

1. e4 c5 2. Nf3 g6 3. c4 Nc6 4. d4 cxd4 5. Nxd4 Bg7 6. Be3 Nf6 7. Nc3 O-O 8. Be2 d6 9. O-O Bd7 10. h3 Rc8 11. Rc1 a6 {[%emt 0:04:02] B38: Sicilian: Maroczy Bind with 5...Bg7 and 7...0-0.} 12. a3 {[%emt 0:17:35] White is more active.} (12. Nf3 $16) 12... Nxd4 $1 $11 13. Bxd4 {[%emt 0:00:07] [#]} b5 $146 (13... Bh6 $11) ({Predecessor:} 13... Bc6 14. Bg4 Nxg4 15. hxg4 Qd7 16. Bxg7 Kxg7 17. Qd4+ Kg8 18. f3 b5 19. cxb5 Bxb5 {1-0 (44) Benet Morant,D (2082)-Paevskiy,I (1969) Gold Coast 2019}) 14. cxb5 $16 axb5 15. Nxb5 Bxb5 (15... Rxc1 $11 {keeps the balance.} 16. Qxc1 Nxe4 17. Bxg7 Kxg7) 16. Bxb5 e5 (16... Nxe4 $16 17. Rxc8 Qxc8) 17. Be3 (17. Rxc8 $18 Qxc8 18. Be3) 17... Nxe4 (17... Rxc1 $16 {was worth a try.} 18. Qxc1 Nxe4) 18. Rxc8 $18 Qxc8 19. Qd5 {[%emt 0:01:30] Against Qb7} Qb8 20. a4 Nf6 {[%emt 0:01:33] [#]} 21. Qc6 {[%emt 0:03:31] Rc1 is the strong threat.} d5 22. Bc5 Rd8 23. Bb6 {[%emt 0:07:59] A strong pair of Bishops.} Rd7 {[%emt 0:20:32][%mdl 8192] This costs Black the game.} (23... Rc8 $16 24. Ba7 Qa8 25. Qxa8 Rxa8) 24. Rc1 {[%emt 0:01:37] Strongly threatening Qc8+.} Bf8 {[%emt 0:00:14] [#] White must now prevent ...Rd6.} 25. a5 Kg7 26. Qc8 Qd6 (26... Rb7 27. Qxb8 Rxb8) 27. Bc5 {[%emt 0:02:03] Weighted Error Value: White=0.35/Black=0.71} 1-0

[Event "87th Spanish Championship 2022"]
[Site "Linares"]
[Date "2022.08.13"]
[Round "4.1"]
[White "Santos Latasa, Jaime"]
[Black "Gines Esteo, Pedro Antonio"]
[Result "1-0"]
[ECO "C50"]
[WhiteElo "2675"]
[BlackElo "2455"]
[Annotator "TA"]
[PlyCount "99"]
[EventDate "2022.08.11"]
[EventType "swiss"]
[EventCountry "ESP"]
[SourceTitle "playchess.com"]
[Source "ChessBase"]
[SourceQuality "1"]
[TimeControl "5400+30"]

1. e4 e5 2. Nf3 Nc6 3. Bc4 Nf6 4. d3 Bc5 5. O-O d6 6. c3 a5 {[%emt 0:01:52] C54: Giuoco Piano: 4 c3 Nf6, main lines with 5 d4 and 5 d3.} 7. Re1 O-O 8. h3 h6 {[%emt 0:00:21] The position is equal.} 9. a4 Ba7 10. Bb3 $5 {[%emt 0:02:26][%cal Bc4b3,Bb3c2,Bc2d3][%mdl 4] Leaves trodden paths.} Be6 11. Bc2 Ne7 {[%emt 0:00:41] [#]} 12. d4 $146 ({Predecessor:} 12. Nbd2 Ng6 13. Nf1 c6 14. Be3 Bxe3 15. Nxe3 Qc7 16. d4 Rad8 17. Nf5 Rfe8 18. g3 {½-½ (38) Kumar,N (2158)-Eckert,D (2151) Charlotte 2021}) 12... Ng6 13. Be3 c6 14. Nbd2 Nh5 15. Bd3 Nhf4 16. Bf1 Bb8 17. dxe5 dxe5 18. Qc2 {[%emt 0:02:35] Inhibits Nd3.} Nh4 19. Nxh4 Qxh4 20. Kh2 Qh5 21. Qd1 Bc7 22. g3 Qxd1 23. Rexd1 Nh5 24. Bc4 Bxc4 25. Nxc4 Nf6 26. f3 (26. Bc5 $5 ) 26... b5 $1 27. Na3 Rfb8 28. Kg2 Kf8 29. axb5 (29. Bc5+ {feels hotter.} Ke8 30. Rd3 Rb7 31. Rad1) 29... cxb5 30. c4 $36 {[%emt 0:00:15][%mdl 2048] White has the initiative.} bxc4 31. Nxc4 Ke8 32. Bd2 (32. Bc5 {is more complex.} Ra6 33. Ba3 Rc6 34. Rdc1) 32... Ra6 33. Bc3 Rc6 (33... Rb5 $14) 34. Ra4 Rc5 35. Rda1 {[%emt 0:01:14] White is more active.} g5 (35... Nd7 $142) 36. g4 (36. Nxa5 $142 Nd7 37. Rc4) 36... Nd7 37. Nxa5 Nf8 38. Rc4 Rxa5 (38... Ne6 $16 {might work better.} 39. Rxc5 Nxc5) 39. Bxa5 $18 Rxb2+ 40. Kf1 Bxa5 41. Rxa5 {[%emt 0:00:11][%mdl 4096] Endgame Black must now prevent Rc7. KRR-KRN} Ne6 {[%emt 0:00:12] Against Rc7} 42. Rxe5 Rh2 (42... Kf8 $142 43. Rf5 Kg7) 43. Rf5 Nf4 $2 {[%emt 0:00:28] [#]} (43... Rb2 44. Ra4 Rb7) 44. Rc8+ {[%emt 0:00:37] White is clearly winning.} Kd7 45. Rf8 Rxh3 46. R8xf7+ Ke6 47. R7f6+ Ke7 48. Rxf4 gxf4 49. Rxf4 {[%emt 0:00:09] [#] White threatens Kg2 and mate.} Rh2 50. Rf5 {[%emt 0:00:21] Weighted Error Value: White=0.09 (flawless) /Black=0.21 (precise)} 1-0

[Event "87th Spanish Championship 2022"]
[Site "Linares"]
[Date "2022.08.13"]
[Round "4.2"]
[White "Lopez Martinez, Josep Manuel"]
[Black "Iturrizaga Bonelli, Eduardo"]
[Result "0-1"]
[ECO "E11"]
[WhiteElo "2486"]
[BlackElo "2619"]
[Annotator "TA"]
[PlyCount "92"]
[EventDate "2022.08.11"]
[EventType "swiss"]
[EventCountry "ESP"]
[SourceTitle "playchess.com"]
[Source "ChessBase"]
[SourceQuality "1"]
[TimeControl "5400+30"]

1. d4 Nf6 2. c4 e6 3. Nf3 Bb4+ 4. Bd2 a5 5. g3 O-O 6. Bg2 d5 7. O-O Be7 8. Bf4 Nbd7 9. Qc2 c6 10. Nc3 {[%emt 0:02:40] E08: Closed Catalan: Main Line: 7 Qc2.} (10. Rd1 $14) 10... dxc4 $15 11. e4 {[%emt 0:01:51] Prevents Nd5.} b5 12. Rad1 {[%emt 0:01:13] Black is slightly better.} Bb7 13. Rfe1 Re8 14. h3 a4 15. a3 {[%emt 0:00:24] [#]} Qa5 $146 ({Predecessor:} 15... Qb6 16. g4 Rad8 17. g5 Nh5 18. Bh2 Nf8 19. Qe2 Ng6 20. Qe3 {½-½ (19) Enchev,I (2491)-Salimova,N (2372) Primorsko 2020}) 16. g4 Rad8 17. Bd2 {[%emt 0:04:36] [#] aiming for e5.} Qb6 18. g5 Nh5 19. Be3 c5 20. d5 (20. Rd2 $15) 20... e5 (20... Nf8 $19 21. Ne5 Bd6) 21. Ne2 Bd6 22. Ng3 Nf4 23. Nf5 Nd3 24. Re2 (24. Rxd3 $142 cxd3 25. Qxd3) 24... Ba6 25. Red2 Bf8 26. Bf1 Nf4 27. Kh2 (27. Qc3 $17) 27... g6 $19 28. Nh6+ Bxh6 29. gxh6 Qd6 30. Re1 Nh5 {[%emt 0:00:31] Pair of Knights!} 31. Kh1 Rb8 32. Ng5 Bc8 33. Be2 (33. Qc3 $17) 33... Nf4 34. Rg1 Qf8 35. Bxf4 (35. Kh2 {was worth a try.}) 35... exf4 36. d6 Ne5 {[%emt 0:03:16] Black is clearly winning.} 37. Rd5 Qxh6 38. Qc3 f6 39. Bf1 fxg5 40. Rxe5 Rxe5 41. Qxe5 {[%emt 0:00:01] [#] Strongly threatening d7.} Bxh3 42. Rxg5 (42. Rg2 $142 Bxg2+ 43. Kxg2) 42... Bf5+ 43. Bh3 Qxh3+ 44. Kg1 Bd7 {[%emt 0:00:28] ...b4 is the strong threat.} 45. Qxc5 Re8 46. e5 Qe6 {[%emt 0:00:46] Weighted Error Value: White=0.62/Black=0.10 (very precise)} 0-1

[Event "87th Spanish Championship 2022"]
[Site "Linares"]
[Date "2022.08.13"]
[Round "4.3"]
[White "Silva Lucena, Cristian"]
[Black "Yuffa, Daniil"]
[Result "1/2-1/2"]
[ECO "B12"]
[WhiteElo "2212"]
[BlackElo "2603"]
[Annotator "TA"]
[PlyCount "101"]
[EventDate "2022.08.11"]
[EventType "swiss"]
[EventCountry "ESP"]
[SourceTitle "playchess.com"]
[Source "ChessBase"]
[SourceQuality "1"]
[TimeControl "5400+30"]

1. e4 c6 2. d4 d5 3. e5 c5 4. dxc5 e6 5. a3 Bxc5 6. b4 {[%emt 0:00:04] B12: Caro-Kann: Advance Variation.} Bb6 7. Bb2 (7. Qg4 $5 Kf8 8. Nf3 $11) 7... Ne7 8. Nf3 {[%emt 0:00:32] White has an edge.} a5 {[%emt 0:02:48] 8...0-0 deserves study.} 9. b5 Nd7 10. Bd3 a4 11. O-O Nc5 12. Re1 {[%emt 0:00:54] [#]} (12. c4 $142 $1) 12... Bd7 $146 ({Predecessor:} 12... Nxd3 13. Qxd3 Bd7 14. Nbd2 O-O 15. Bd4 Nf5 16. Bxb6 Qxb6 17. Rab1 Rfd8 18. c4 Be8 {0-1 (34) Li,H (2310)-Hoefelsauer,T (2390) Graz 2020}) 13. Bf1 (13. c4 $11) 13... Ne4 $36 {[%emt 0:04:53][%mdl 2048] Black is in control.} 14. Nd4 h5 ({Black should play} 14... Qc7 $15) 15. Nd2 $14 Nxd2 16. Qxd2 Rc8 17. Qg5 Ng6 18. Qxd8+ (18. Qc1 {looks sharper.} Qh4 19. g3 Qe7 20. Nf3) 18... Bxd8 19. g3 Bc7 (19... Ba5 $5 ) 20. f4 Bb6 21. Bd3 Ne7 22. Kg2 Rc7 23. Rab1 O-O 24. h3 Ba5 25. Rh1 (25. Rf1 $11) 25... Nc8 $17 26. g4 h4 (26... Nb6 $15) 27. Nf3 $11 Nb6 28. Nxh4 Nc4 29. Nf3 Bxb5 (29... Ne3+ {keeps more tension.} 30. Kf2 Nxc2 31. Ke2 Bb6) 30. Bc1 Ba6 31. g5 (31. h4 $11) 31... Nb6 (31... Bc3 $15) 32. Be3 Nc4 (32... Nd7 $11) 33. Bc1 $1 $15 Nb6 34. Be3 Nd7 35. g6 Bxd3 36. gxf7+ Kxf7 37. cxd3 b6 38. Kg3 Ke7 39. Nh4 {[%emt 0:02:14] [#] Hoping for Ng6+.} Rfc8 {[%emt 0:01:15] ...Rc3 is the strong threat.} 40. Bd4 {[%emt 0:00:09] Against Rc3} (40. f5 $1 $11) 40... Nc5 $17 41. f5 Nb3 (41... Nxd3 $17 42. Ng6+ Kf7) 42. Be3 $15 Rc3 43. Rhd1 Nc5 ({Black should try} 43... d4 $17 44. Bf2 Rc2) 44. Ng6+ Kf7 45. Nf4 (45. Bxc5 $11 R8xc5 46. Kg4) 45... exf5 $17 {[%emt 0:00:40] aiming for ...g5.} 46. Nxd5 (46. Bxc5 $17 {keeps fighting.} R8xc5 47. Kh4 (47. e6+ Ke8 $19)) 46... Rxd3 $2 {[%emt 0:01:05] [#]} (46... Rxa3 $19 {White must now prevent ...g5.} 47. Bxc5 Rxc5 48. Nxb6 g5) 47. e6+ $1 $11 {[%emt 0:00:05] The position is equal.} Ke8 $1 {[%emt 0:00:46][%cal Oa5d2] And now ...Bd2! would win.} 48. Rxd3 Nxd3 49. Bxb6 Rb8 $1 50. Rb5 Bxb6 51. Rxb6 {[%emt 0:00:25] Weighted Error Value: White=0.20 (precise) /Black=0.25 (precise)} 1/2-1/2

[Event "87th Spanish Championship 2022"]
[Site "Linares"]
[Date "2022.08.13"]
[Round "4.4"]
[White "Salgado Lopez, Ivan"]
[Black "Espinosa Aranda, Angel"]
[Result "1/2-1/2"]
[ECO "B40"]
[WhiteElo "2604"]
[BlackElo "2439"]
[Annotator "TA"]
[PlyCount "73"]
[EventDate "2022.08.11"]
[EventType "swiss"]
[EventCountry "ESP"]
[SourceTitle "playchess.com"]
[Source "ChessBase"]
[SourceQuality "1"]
[TimeControl "5400+30"]

1. e4 c5 2. Nf3 e6 3. c3 Nf6 4. e5 Nd5 5. Bc4 d6 6. d4 cxd4 7. cxd4 Be7 8. O-O {[%emt 0:00:16] B22: Sicilian: 2 c3.} O-O 9. Qe2 Bd7 10. exd6 Bxd6 11. Nc3 Nxc3 12. bxc3 Bc6 {[%emt 0:00:07] [#]} 13. Bd3 $146 (13. Ng5 $14) ({Predecessor:} 13. Ne5 Bxe5 14. Qxe5 Nd7 15. Qg3 Nf6 16. Re1 Ne4 17. Qd3 Qa5 18. Bb2 Nd6 19. Re5 {1-0 (28) Tari,A (2654)-Shankland,S (2718) chess24.com INT 2022}) 13... Nd7 $11 14. Re1 Rc8 15. Rb1 Qa5 16. c4 Qh5 17. Be3 b6 18. h3 Bxf3 19. Qxf3 Qxf3 20. gxf3 Rfd8 21. f4 g6 22. Red1 Be7 23. Be2 Kg7 24. a4 Nf6 25. Bd3 Ne8 26. a5 bxa5 27. c5 $1 Nc7 28. Ra1 Bf6 29. Bc4 Nd5 30. Rxa5 Rc7 31. Rda1 Nxe3 {[%emt 0:05:53] The position is equal.} 32. fxe3 Rxd4 $1 33. exd4 Bxd4+ 34. Kg2 {[%emt 0:01:29] [#] And now Rc1 would win.} Bxa1 35. Rxa1 {[%emt 0:00:06] Strongly threatening Ra5.} Rxc5 36. Bd3 a5 37. Ra4 {[%emt 0:00:19] Weighted Error Value: White=0.10 (very precise) /Black=0.06 (flawless)} 1/2-1/2

[Event "87th Spanish Championship 2022"]
[Site "Linares"]
[Date "2022.08.13"]
[Round "4.5"]
[White "Perez Candelario, Manuel"]
[Black "Alonso Garcia, Aaron"]
[Result "1/2-1/2"]
[ECO "B48"]
[WhiteElo "2578"]
[BlackElo "2374"]
[Annotator "TA"]
[PlyCount "335"]
[EventDate "2022.08.11"]
[EventType "swiss"]
[EventCountry "ESP"]
[SourceTitle "playchess.com"]
[Source "ChessBase"]
[SourceQuality "1"]
[TimeControl "5400+30"]

1. e4 c5 2. Nf3 e6 3. d4 cxd4 4. Nxd4 Nc6 5. Nc3 Qc7 6. Be3 a6 7. g4 b5 8. Nxc6 Qxc6 9. Qd2 Bb7 10. O-O-O Nf6 11. f3 d6 12. g5 Nd7 13. a3 Rc8 14. Rg1 Ne5 15. Qf2 Nc4 16. Bxc4 Qxc4 17. Rd4 Qc7 18. f4 d5 19. exd5 Bxa3 20. Rd3 Bd6 21. dxe6 O-O 22. Rgd1 b4 23. Bb6 Bxf4+ 24. Kb1 Qb8 25. Ba7 Qe5 26. exf7+ Rxf7 27. Rd8+ Rf8 28. Rxf8+ Rxf8 29. Bc5 Rc8 30. Bd6 Qe3 31. Qxf4 Qxf4 32. Bxf4 bxc3 33. bxc3 Bc6 34. Rd6 Bb5 35. Kb2 Kf7 36. Rb6 Re8 37. Bg3 Re6 38. Bd6 Ke8 39. Rb8+ Kf7 40. Rb7+ Ke8 41. Bb4 Rg6 42. h4 h6 43. Re7+ Kd8 44. gxh6 gxh6 45. Rh7 Be2 46. c4 Bxc4 47. Bd2 Rb6+ 48. Ka3 Rc6 49. Bxh6 Be6 50. Bg5+ Ke8 51. Rh8+ Kf7 52. Kb2 Bf5 53. c3 Rb6+ 54. Kc1 Rc6 55. Kd2 Rd6+ 56. Ke3 Rc6 57. Kd4 Be6 58. Rh7+ Kg8 59. Ra7 Bf7 60. Ra8+ Kg7 61. Rb8 Rc4+ 62. Kd3 Rc6 63. Rb4 Bg6+ 64. Kd4 Bf7 65. c4 Rc7 66. Bf4 Rd7+ 67. Kc5 Re7 68. Ra4 Re4 69. Bg5 Rg4 70. Be3 Rxh4 71. Bd4+ Kh7 72. Rxa6 Rh1 73. Rf6 Kg8 74. Rf3 Rc1 75. Bc3 Rh1 76. Kb5 Rb1+ 77. Bb4 Be8+ 78. Ka5 Bc6 79. Rf6 Be4 80. Rf4 Bh1 81. Kb5 Rc1 82. c5 Rc2 83. Kb6 Bd5 84. Be1 Rc1 85. Bf2 Kg7 86. Kc7 Kg6 87. Kd6 Bh1 88. Ke5 Rc2 89. Kd6 Rd2+ 90. Kc7 Rc2 91. Bd4 Kg5 92. Rf8 Be4 93. Kd6 Bg2 94. Be3+ Kg6 95. Ke5 Kg7 96. Rf4 Kg6 97. Rg4+ Kf7 98. Kd6 Kf6 99. Rg3 Be4 100. Rg4 Bg2 101. Rg8 Be4 102. Rf8+ Kg7 103. Rf4 Bg2 104. Ke6 Bh3+ 105. Ke7 Kg6 $1 106. Rf6+ Kh5 $1 107. Kd6 Bg2 108. Ke5 Kg4 109. Rf4+ Kg3 110. Rf6 Kh2 111. Rg6 Kh3 112. Kd4 Bf1 113. Ke4 Bg2+ 114. Kd3 Ra2 115. c6 (115. Kc4 $16) 115... Ra3+ $11 116. Kd4 Ra4+ 117. Kc5 Bxc6 $1 118. Rxc6 Kg4 119. Rf6 Re4 120. Bd4 Re8 121. Kd5 Re1 122. Rf8 Re2 123. Rf1 Kg5 124. Be5 Ra2 125. Rf3 Rg2 126. Ke6 Kg4 127. Ra3 Rg1 128. Ra2 Rb1 129. Ra4+ Kf3 130. Kf5 Rb3 131. Rh4 Re3 132. Rh2 Rd3 133. Rh8 Ke3 134. Rh3+ Kd2 135. Rh2+ Ke3 136. Rh1 Kf3 137. Rh2 Ke3 138. Rh4 Kf3 139. Bd4 Kg3 140. Rg4+ Kf3 141. Rf4+ Kg3 142. Bf2+ Kg2 143. Kg4 Rd8 144. Bh4 Rg8+ 145. Bg5 Ra8 146. Rd4 Ra2 147. Rd3 Rc2 148. Bf4 Kf2 149. Re3 Rc8 150. Rh3 Ke2 151. Kf5 Rc5+ 152. Ke4 Rc4+ 153. Ke5 Rc8 154. Kd4 Ra8 155. Be5 Ra4+ 156. Kd5 Rg4 157. Rb3 Rh4 158. Bg3 Ra4 159. Bd6 Rh4 160. Ke5 Ra4 161. Bb4 Ra8 162. Kf4 Re8 163. Bd6 Rh8 164. Ke4 Kd2 165. Rb2+ Kc1 166. Rg2 Rh4+ 167. Kd3 Rh3+ 168. Bg3 1/2-1/2